 Dungeon Crawl Stone Soup version 0.15.2 (webtiles) character file.

8189 ImaNewbie the Cleaver (level 11, 0/92 HPs)
             Began as a Deep Dwarf Fighter on Feb 26, 2015.
             Was an Elder of Makhleb.
             Killed from afar by Nergalle (16 damage)
             ... with a bolt of negative energy
             ... on Level 10 of the Dungeon on Feb 27, 2015.
             The game lasted 01:21:49 (7996 turns).

ImaNewbie the Cleaver (Deep Dwarf Fighter)          Turns: 7996, Time: 01:21:49

HP   0/92        AC 16     Str 22      XL: 11   Next:  6%
MP  15/15        EV  6     Int 10      God: Makhleb [****..]
Gold 398         SH 10     Dex 12      Spells:  0 memorised, 10 levels left

rFire  . . .     SeeInvis .     a - +0 war axe
rCold  . . .     Clarity  .     C - +2 chain mail {rPois}
rNeg   . . .     rCorr    .     c - +0 shield
rPois  +         rRot     .     w - +0 helmet
rElec  .         Spirit   .     r - +2 cloak
SustAb .         Warding  .     (no gloves)
rMut   .         Stasis   .     (no boots)
Gourm  .                        (no amulet)
MR     +....                    (no ring)
                                E - ring of wizardry

@: about to teleport, non-regenerating, heavily drained, somewhat resistant to
hostile enchantments, extremely unstealthy
A: damage resistance, recharge devices, sense surroundings 2, slow healing 3
a: Device Recharging, Minor Destruction, Lesser Servant of Makhleb, Major
Destruction, Renounce Religion


You were on level 10 of the Dungeon.
You worshipped Makhleb.
Makhleb was greatly pleased with you.
You were not hungry.

You visited 2 branches of the dungeon, and saw 13 of its levels.

You collected 458 gold pieces.
You spent 60 gold pieces at shops.

Inventory:

Hand weapons
 a - a +0 war axe (weapon)
 q - a +2 quarterstaff of chaos
 P - a +0 blowgun
Missiles
 Q - 36 poisoned needles
Armour
 b - a +0 scale mail
 c - a +0 shield (worn)
 i - a +0 large shield
 p - a +0 cloak
 r - a +2 cloak (worn)
 w - a +0 helmet (worn)
 C - a +2 chain mail of poison resistance (worn)
 G - a steam dragon hide
 R - a +0 plate armour
 S - a +0 plate armour
Magical devices
 d - a wand of heal wounds (0)
 e - a wand of slowing (0) {unknown}
 B - a wand of random effects (13)
Comestibles
 f - 3 bread rations
 g - 3 slices of pizza
 j - 11 fruits
 x - 5 meat rations
 H - 2 rotting chunks of kobold flesh
 M - a chunk of kobold flesh
 N - a beef jerky
 O - 5 chunks of orc flesh
 X - 5 rotting chunks of centaur flesh
Scrolls
 h - 5 scrolls of teleportation
 m - a scroll of blinking {unknown}
 n - 3 scrolls of fear
 s - 2 scrolls of enchant weapon {unknown}
 t - a scroll of amnesia {unknown}
 u - 2 scrolls of fog {unknown}
 v - a scroll of magic mapping {unknown}
 y - 3 scrolls of identify
 K - 2 scrolls of enchant armour {unknown}
 L - 4 scrolls of remove curse
 T - a scroll of vulnerability {unknown}
 W - a scroll of random uselessness {unknown}
Jewellery
 z - an uncursed ring of fire
 E - a ring of wizardry (left hand)
Potions
 k - a potion of cancellation
 l - 3 potions of haste
 A - a potion of resistance {unknown}
 D - a potion of lignification {unknown}
 F - a potion of curing
 I - a potion of brilliance {unknown}
 J - a potion of might
 U - a potion of berserk rage {unknown}
Books
 o - a book of Conjurations

   Spells                             Type                      Level
   Magic Dart                         Conjuration                  1
   Searing Ray                        Conjuration                  2
   Dazzling Spray                     Conjuration/Hexes            3
   Fulminant Prism                    Conjuration/Hexes            4
   Iskenderun's Mystic Blast          Conjuration                  4
   Iskenderun's Battlesphere          Conjuration/Charms           5


   Skills:
 + Level 4.2(1.9) Fighting
 * Level 12.1(9.2) Axes
 + Level 9.0(6.4) Armour
 + Level 9.2(6.5) Shields
 + Level 2.9(0.6) Invocations
 - Level 8.2(5.6) Evocations


You had 10 spell levels left.
You didn't know any spells.

Dungeon Overview and Level Annotations

Branches:
Dungeon (12/15)            Temple (1/1) D:5            Lair (0/8) D:9
    Orc: D:9-12

Altars:
Ashenzari
Cheibriados
Dithmenos
Fedhas
Kikubaaqudgha
Makhleb
Nemelex Xobeh
Okawaru
Qazlal
Sif Muna
Trog
Vehumet
Xom
Zin
The Shining One

Shops:
D:4 ?

Annotations:
D:4 Grinder
D:6 Eustachio; SaintRoka's ghost, experienced DEBe
D:10 Erolcha; Nergalle


Innate Abilities, Weirdness & Mutations

You are resistant to damage.
You can recharge devices by infusing magical energy.
You passively map the area around you.
You do not heal naturally.


Message History

Evoke which item? (* to show all) (? for menu, Esc to quit)
Zapping:
d - a wand of heal wounds (1)
Press: ? - help, Shift-Dir - straight line, f - you You feel much better.
This wand has 0 charges left.
You block Nergalle's attack.
You block the spectral orc knight's attack.
You closely miss Nergalle. Nergalle casts a spell at you.
The bolt of negative energy hits you!
You feel drained.
* * * LOW HITPOINT WARNING * * *
The bolt of negative energy hits the spectral orc knight.
The spectral orc knight completely resists.
The bolt of negative energy hits the spectral orc warrior.
The spectral orc warrior completely resists.
You block the spectral orc knight's attack.
You hit the spectral orc knight.
The spectral orc knight is severely damaged.
Nergalle gestures at you while chanting.
The bolt of negative energy hits you!
You feel drained.
You die...

*## #... .....,
#############.......
########
#ZZ@o............^..
.......#
#Z##########.......^
.......#######.########
,^...^^.
....>..................,
....^.^,
.......................
....^..
.......#.#####....####
,.^.?.^, .......#.#
#....# ,..^.., ,
########.# **#.####
,,.... ... , #.# *, . ,
,


You could see Nergalle, a spectral orc, a spectral orc knight and a spectral orc
warrior.

Vanquished Creatures
  Pikel (D:4)
  A hill giant (D:8)
  A centaur zombie (D:11)
  Maurice (D:8)
  The ghost of theElss the Cudgeler, an experienced GrBe of Trog (D:5)
  A two-headed ogre (D:8)
  2 wraiths (D:11)
  12 yaks (D:11)
  A steam dragon (D:6)
  A deep elf mage (D:11)
  A hill giant skeleton (D:8)
  Edmund (D:5)
  A water moccasin (D:11)
  A black bear (D:8)
  A sky beast (D:8)
  7 ogres
  A phantom (D:4)
  3 ice beasts (D:8)
  3 giant frogs
  Duvessa (D:6)
  3 centaurs
  11 big kobolds
  A scorpion (D:11)
  A yak zombie (D:11)
  A crimson imp (D:5)
  2 goliath beetles (D:8)
  Dowan (D:6)
  Crazy Yiuf (D:2)
  4 hounds
  A jelly (D:7)
  6 orc priests
  An iguana (D:5)
  8 orc wizards
  2 spectral orcs (D:10)
  4 worker ants
  An ogre skeleton (D:5)
  A worker ant zombie (D:8)
  6 adders
  4 gnolls (D:4)
  2 shadow imps
  A giant mite (D:8)
  A worm (D:3)
  An iguana zombie (D:7)
  5 giant geckos
  An ooze (D:2)
  30 orcs
  13 bats
  18 hobgoblins
  10 quokkas
  6 giant newts
  A giant spore (D:11)
  5 goblins
  4 jackals (D:3)
  38 kobolds
  A kobold zombie (D:7)
  An orc skeleton (D:7)
  12 rats
  7 ballistomycetes (D:11)
258 creatures vanquished.

Vanquished Creatures (others)
  2 slaves (D:4)
  A giant mite (D:4)
3 creatures vanquished.

Grand Total: 261 creatures vanquished

Notes
Turn   | Place    | Note
--------------------------------------------------------------
     0 | D:1      | ImaNewbie, the Deep Dwarf Fighter, began the quest for the Orb.
     0 | D:1      | Reached XP level 1. HP: 20/20 MP: 1/1
   201 | D:1      | Reached XP level 2. HP: 17/27 MP: 2/2
   639 | D:2      | Reached XP level 3. HP: 33/33 MP: 3/3
   664 | D:2      | Found a shattered altar of Ashenzari.
  1008 | D:2      | Noticed Crazy Yiuf
  1018 | D:2      | Killed Crazy Yiuf
  1018 | D:2      | Reached skill level 4 in Armour
  1018 | D:2      | Reached XP level 4. HP: 24/40 MP: 4/4
  1474 | D:3      | Reached XP level 5. HP: 20/46 MP: 5/5
  1934 | D:3      | Reached skill level 5 in Axes
  2260 | D:4      | Noticed a phantom
  2297 | D:4      | Killed a phantom
  2297 | D:4      | Reached XP level 6. HP: 37/55 MP: 6/6
  2343 | D:4      | Reached skill level 5 in Armour
  2377 | D:4      | Noticed a slave
  2377 | D:4      | Noticed a slave
  2397 | D:4      | Noticed a slave
  2398 | D:4      | Noticed a slave
  2398 | D:4      | Noticed Pikel
  2436 | D:4      | Killed Pikel
  2436 | D:4      | Reached skill level 7 in Axes
  2436 | D:4      | Reached skill level 5 in Shields
  2436 | D:4      | Reached XP level 7. HP: 17/61 MP: 7/7
  2546 | D:4      | Found Puiffuixt's Magic Scroll Boutique.
  2690 | D:4      | Bought a scroll of fear for 38 gold pieces
  2691 | D:4      | Bought a scroll of identify for 22 gold pieces
  2733 | D:4      | Killed a freed slave
  2787 | D:4      | Noticed Grinder
  2797 | D:4      | Killed a freed slave
  2821 | D:4      | Paralysed by Grinder for 2 turns
  2925 | D:5      | Entered Level 5 of the Dungeon
  2968 | D:5      | Found a staircase to the Ecumenical Temple.
  2978 | Temple   | Entered the Ecumenical Temple
  3060 | Temple   | Became a worshipper of Makhleb the Destroyer
  3158 | D:5      | Reached XP level 8. HP: 21/68 MP: 6/6
  3290 | D:5      | Noticed Edmund
  3320 | D:5      | Killed Edmund
  3320 | D:5      | Reached skill level 1 in Evocations
  3327 | D:5      | Noticed theElss' ghost (experienced GrBe)
  3437 | D:5      | Killed theElss' ghost
  3437 | D:5      | Reached skill level 8 in Axes
  3965 | D:6      | Noticed SaintRoka's ghost (experienced DEBe)
  4347 | D:6      | Noticed Eustachio
  4466 | D:6      | Noticed Dowan
  4469 | D:6      | Noticed Duvessa
  4479 | D:6      | Killed Dowan
  4479 | D:6      | Acquired Makhleb's first power
  4512 | D:6      | Killed Duvessa
  4551 | D:6      | Reached skill level 9 in Axes
  4714 | D:6      | Gained mutation: You passively map the area around you. [level up]
  4714 | D:6      | Reached XP level 9. HP: 22/74 MP: 9/9
  4809 | D:6      | Found a blossoming altar of Fedhas.
  5198 | D:7      | Found a bloodstained altar of Trog.
  5430 | D:7      | Acquired Makhleb's second power
  5725 | D:7      | Reached skill level 5 in Evocations
  5967 | D:8      | Reached skill level 10 in Axes
  6032 | D:8      | Found a snail-covered altar of Cheibriados.
  6073 | D:8      | Noticed Maurice
  6140 | D:8      | Killed Maurice
  6260 | D:8      | Acquired Makhleb's third power
  6287 | D:8      | Reached XP level 10. HP: 28/81 MP: 14/14
  6310 | D:8      | Noticed a hill giant
  6855 | D:8      | Killed a hill giant
  6855 | D:8      | Reached skill level 11 in Axes
  7062 | D:8      | Found a shimmering altar of Xom.
  7398 | D:9      | Found a staircase to the Lair.
  7402 | D:9      | You fall through a shaft for 3 floors!
  7503 | D:11     | Acquired Makhleb's fourth power
  7706 | D:11     | Reached skill level 1 in Invocations
  7788 | D:11     | Reached skill level 12 in Axes
  7788 | D:11     | Reached XP level 11. HP: 90/92 MP: 15/15
  7934 | D:10     | Entered Level 10 of the Dungeon
  7962 | D:10     | Noticed Erolcha
  7962 | D:10     | Noticed Nergalle
  7962 | D:10     | Paralysed by Erolcha for 5 turns
  7996 | D:10     | Killed from afar by Nergalle

Action                   |  1- 3 |  4- 6 |  7- 9 | 10-12 || total
-------------------------+-------+-------+-------+-------++-------
Melee: War axe           |   110 |   221 |   771 |   359 ||  1461
Invok: Minor Destruction |       |       |       |     1 ||     1
 Abil: Device Recharging |       |       |     6 |     1 ||     7
Evoke: Wand              |     1 |     3 |    23 |     8 ||    35
  Use: Scroll            |       |       |     4 |     2 ||     6
       Potion            |       |       |     3 |       ||     3
  Eat: Chunk             |       |     6 |    14 |     6 ||    26
